[Event "Titled Tuesday Blitz August 22 Early 2023"]
[White "Golubev, Mikhail"]
[Black "Zakhartsov, Vladimir"]
[WhiteFideId "14100983"]
[BlackFideId "4145097"]
[WhiteElo "2579"]
[BlackElo "2909"]
[Result "0-1"]
[Round "4"]
[TimeControl "180+1"]
[Date "2023.08.22"]
[WhiteClock "0:00:00"]
[BlackClock "0:01:27"]
[Board "47"]

1. e4 e5 2. Nf3 Nc6 3. Bc4 d6 4. d4 Qf6 5. Nc3 exd4 6. Bg5 Qg6 7. Nd5 Qxe4+ 8. Kd2 Kd7 9. Re1 Qf5 10. g4 Qxg4 11. Qe2 Nge7 12. Nxe7 Bxe7 13. Ne5+ Nxe5 14. Qxg4+ Nxg4 15. Bb5+ c6 16. Rxe7+ Kd8 17. Rxf7+ Ke8 18. Re7+ Kf8 19. Rae1 Ne5 20. Bd3 Nf3+ 0-1


[Site "https://www.chess.com"]

[Event "Titled Tuesday Blitz August 22 Early 2023"]
[White "Moskalenko, Alexander"]
[Black "Garakov, Mikhael"]
[WhiteFideId "4155351"]
[BlackFideId "4169034"]
[WhiteElo "2887"]
[BlackElo "2575"]
[Result "0-1"]
[Round "4"]
[TimeControl "180+1"]
[Date "2023.08.22"]
[WhiteClock "0:00:00"]
[BlackClock "0:01:08"]
[Board "48"]

1. d4 c5 2. d5 g6 3. Nc3 Bg7 4. e4 d6 5. Be3 Nf6 6. f3 O-O 7. Qd2 a6 8. h4 b5 9. g4 b4 10. Nce2 e6 11. dxe6 Bxe6 12. Nf4 Nc6 13. g5 Nh5 14. Nxe6 fxe6 15. O-O-O Ng3 16. Rh3 Nxf1 17. Rxf1 Ne5 18. Qe2 Qa5 19. Kb1 Qb5 20. f4 Nc4 21. Bc1 Bd4 22. Qg4 Na3+ 23. bxa3 Qxf1 24. Qxe6+ Kh8 25. Nf3 Be3 26. Nd2 Bxd2 0-1


[Site "https://www.chess.com"]

[Event "Titled Tuesday Blitz August 22 Early 2023"]
[White "Ilamparthi A R"]
[Black "Zheng, Richard"]
[WhiteFideId "45015775"]
[BlackFideId "2624893"]
[WhiteElo "2873"]
[BlackElo "2574"]
[Result "1-0"]
[Round "4"]
[TimeControl "180+1"]
[Date "2023.08.22"]
[WhiteClock "0:01:57"]
[BlackClock "0:01:23"]
[Board "49"]

1. e4 c6 2. d3 d5 3. Nd2 e5 4. Ngf3 Bd6 5. d4 exd4 6. exd5 cxd5 7. Nxd4 Nf6 8. Bb5+ Bd7 9. Qe2+ Qe7 10. Bxd7+ Nbxd7 11. Nf5 Qxe2+ 12. Kxe2 Bf8 13. Re1 O-O-O 14. Kf1 g6 15. Ne7+ Kb8 16. Nf3 Re8 17. Bf4+ Ka8 18. Nxd5 Rxe1+ 19. Rxe1 b6 20. Nxf6 Nxf6 21. Be5 Bg7 22. Ng5 Rc8 23. c3 Rd8 24. Nxf7 Rd2 25. c4 Rc2 26. Bc3 Kb7 27. Nd6+ Kc6 28. Nb5 a6 1-0


[Site "https://www.chess.com"]

[Event "Titled Tuesday Blitz August 22 Early 2023"]
[White "Megalios, Konstantinos"]
[Black "Jones, Gawain C B"]
[WhiteFideId "4238044"]
[BlackFideId "409561"]
[WhiteElo "2574"]
[BlackElo "2866"]
[Result "0-1"]
[Round "4"]
[TimeControl "180+1"]
[Date "2023.08.22"]
[WhiteClock "0:00:10"]
[BlackClock "0:00:55"]
[Board "50"]

1. d4 Nf6 2. c4 g6 3. Nc3 Bg7 4. e4 d6 5. Nf3 O-O 6. Be2 e5 7. d5 a5 8. Bg5 h6 9. Bh4 Na6 10. Nd2 Bd7 11. a3 Qe8 12. b3 Nh7 13. O-O h5 14. f3 Bh6 15. Rb1 Be3+ 16. Kh1 Bd4 17. Nb5 Bc5 18. Qc1 c6 19. Nc3 Be3 20. dxc6 bxc6 21. Rd1 f5 22. Qc2 g5 23. Be1 f4 24. Nf1 Bc5 25. Qc1 Nf6 26. Na4 Bd4 27. Bxa5 Nc5 28. Bc7 Qe7 29. Rxd4 exd4 30. Nxc5 dxc5 31. e5 Ne8 32. Bb6 Ra6 33. Bxc5 Qxc5 34. Bd3 Qxe5 35. c5 Ra7 36. Qd2 Bf5 37. Re1 Qxc5 38. b4 Qc3 39. Qa2+ Kg7 40. Bxf5 Qxe1 41. Bd3 0-1


[Site "https://www.chess.com"]

[Event "Titled Tuesday Blitz August 22 Early 2023"]
[White "Yeletsky, Ivan"]
[Black "Suder, Jakub"]
[WhiteFideId "24180327"]
[BlackFideId "1195310"]
[WhiteElo "2863"]
[BlackElo "2573"]
[Result "1-0"]
[Round "4"]
[TimeControl "180+1"]
[Date "2023.08.22"]
[WhiteClock "0:02:40"]
[BlackClock "0:02:21"]
[Board "51"]

1. Nf3 e6 2. g3 Nf6 3. Bg2 Be7 4. O-O d5 5. b3 a5 6. Nc3 d4 7. Nb5 Nc6 8. Bb2 e5 9. e3 dxe3 10. dxe3 e4 11. Ng5 Bf5 12. Qxd8+ Bxd8 13. Bxf6 Bxf6 14. Nxc7+ Ke7 15. Nd5+ 1-0


[Site "https://www.chess.com"]

[Event "Titled Tuesday Blitz August 22 Early 2023"]
[White "Durarbayli, Vasif"]
[Black "Principe, Gerson"]
[WhiteFideId "13402935"]
[BlackFideId "3804550"]
[WhiteElo "2852"]
[BlackElo "2572"]
[Result "1-0"]
[Round "4"]
[TimeControl "180+1"]
[Date "2023.08.22"]
[WhiteClock "0:00:07"]
[BlackClock "0:00:05"]
[Board "52"]

1. e4 c6 2. d4 d5 3. exd5 cxd5 4. c4 e6 5. Nc3 Nf6 6. Nf3 Bb4 7. cxd5 Nxd5 8. Bd2 Nc6 9. Bd3 Nf6 10. O-O O-O 11. Bg5 Be7 12. Rc1 b6 13. Bxf6 Bxf6 14. Be4 Bb7 15. d5 exd5 16. Nxd5 Bxb2 17. Rc2 Ba3 18. Qd3 Bc5 19. Bxh7+ Kh8 20. Rd1 Nd4 21. Nxd4 Qxd5 22. Qh3 Qxg2+ 23. Qxg2 Bxg2 24. Kxg2 Kxh7 25. Nb3 Rfc8 26. Rd7 Kg6 27. Rc3 Bf8 28. Rg3+ Kh7 29. Rxf7 Rc2 30. Nd4 Rxa2 31. Ne6 Kg8 32. Rgf3 Re8 33. Nxf8 Ra5 34. h4 Rh5 35. Ng6 Rh6 36. Ne7+ Kh7 37. Nf5 Rg6+ 38. Kh2 Rf6 39. Rxg7+ 1-0


[Site "https://www.chess.com"]

[Event "Titled Tuesday Blitz August 22 Early 2023"]
[White "Ismagilov, Damir"]
[Black "Molina, Roberto Junio Brito"]
[WhiteFideId "34199982"]
[BlackFideId "2109450"]
[WhiteElo "2571"]
[BlackElo "2849"]
[Result "0-1"]
[Round "4"]
[TimeControl "180+1"]
[Date "2023.08.22"]
[WhiteClock "0:00:00"]
[BlackClock "0:00:36"]
[Board "53"]

1. d4 d5 2. c4 c6 3. Nc3 Nf6 4. Nf3 dxc4 5. a4 Bf5 6. Ne5 Nbd7 7. Nxc4 Nb6 8. Ne5 a5 9. f3 Nfd7 10. Nxd7 Nxd7 11. e4 Bg6 12. Be3 Qb6 13. Qd2 e5 14. Bc4 exd4 15. Bxd4 Bc5 16. Bxg7 Rg8 17. Bh6 O-O-O 18. Bg5 Ne5 19. Bxd8 Rxd8 20. Qe2 Qb4 21. Ba2 Nd3+ 22. Kf1 Nxb2 23. Rb1 Qxc3 24. Qxb2 Qd3+ 25. Qe2 Qa3 26. h4 h5 27. g3 Rd2 28. Qxd2 Qxf3+ 29. Ke1 Qxh1+ 30. Ke2 Qg2+ 31. Kd1 Qf1+ 32. Qe1 Qf3+ 33. Qe2 Qxg3 34. Rc1 Bb4 35. Rc4 f6 36. Rc1 Kb8 37. Kc2 Qxh4 38. Kb1 Bxe4+ 39. Kb2 Qf4 40. Qc4 Qe5+ 41. Kb3 Bd5 0-1


[Site "https://www.chess.com"]

[Event "Titled Tuesday Blitz August 22 Early 2023"]
[White "Eynullayev, Altay"]
[Black "Pakleza, Zbigniew"]
[WhiteFideId "13413562"]
[BlackFideId "1119290"]
[WhiteElo "2568"]
[BlackElo "2844"]
[Result "1-0"]
[Round "4"]
[TimeControl "180+1"]
[Date "2023.08.22"]
[WhiteClock "0:00:23"]
[BlackClock "0:00:01"]
[Board "54"]

1. d4 d6 2. Bf4 Nc6 3. e3 e5 4. Bg3 Nh6 5. c3 Nf5 6. Bd3 Be7 7. Ne2 h5 8. Qc2 g6 9. h3 Nxg3 10. Nxg3 f5 11. Nd2 Be6 12. O-O-O e4 13. Bb5 a6 14. Ba4 b5 15. Bb3 d5 16. Ne2 h4 17. f3 Qd6 18. fxe4 fxe4 19. Nxe4 dxe4 20. d5 Qc5 21. dxe6 Qxe3+ 22. Kb1 Na5 23. Rhe1 Nxb3 24. axb3 O-O 25. Nd4 Qg5 26. Rxe4 Rf6 27. Rg4 Qh5 28. Qe4 Re8 29. Nf3 b4 30. Rxh4 Qf5 31. Qxf5 gxf5 32. Nd4 c5 33. Nc6 Rxe6 34. Nxe7+ R8xe7 35. cxb4 cxb4 36. Rxb4 Re2 37. g4 Rg2 38. gxf5 Ree2 39. Rg4+ Kf7 40. Rxg2 Rxg2 41. Rd6 Rf2 42. f6 Rf3 43. Rxa6 Rxb3 44. Ka2 Rxh3 45. b3 Rh5 46. Ka3 Rh8 47. b4 Rb8 48. Ka4 Rc8 49. b5 Rc1 50. Ka5 Ra1+ 51. Kb6 Rc1 52. Kb7 Rb1 53. b6 Kxf6 54. Ra8 Ke7 55. Rc8 Kd7 56. Rc2 Ra1 57. Rd2+ Ke7 58. Kc7 Rc1+ 59. Kb8 Rb1 60. b7 Rb2 61. Rxb2 1-0


[Site "https://www.chess.com"]

[Event "Titled Tuesday Blitz August 22 Early 2023"]
[White "Bacrot, Etienne"]
[Black "Goltseva, Ekaterina"]
[WhiteFideId "605506"]
[BlackFideId "24173770"]
[WhiteElo "2835"]
[BlackElo "2568"]
[Result "1-0"]
[Round "4"]
[TimeControl "180+1"]
[Date "2023.08.22"]
[WhiteClock "0:01:07"]
[BlackClock "0:00:00"]
[Board "55"]

1. e4 c5 2. Nf3 Nf6 3. e5 Nd5 4. Nc3 e6 5. g3 Nc6 6. Bg2 d6 7. exd6 Bxd6 8. O-O Nxc3 9. bxc3 O-O 10. d4 Qa5 11. Qd3 h6 12. Rd1 Rd8 13. Bd2 Qc7 14. Qe4 Bd7 15. Rab1 Rab8 16. dxc5 Bxc5 17. Bf4 Qc8 18. Bxb8 Qxb8 19. Nd4 Na5 20. Nb3 Bc6 21. Qe2 Rxd1+ 22. Rxd1 Bb6 23. Nxa5 Bxa5 24. Bxc6 bxc6 25. Qc4 Qb6 26. Kg2 Qb2 27. Qb3 Qxc3 28. Qxc3 Bxc3 29. Rd8+ Kh7 30. Rc8 e5 31. Rxc6 Bd4 32. c3 Bb6 33. a4 f6 34. c4 Kg6 35. Rxb6 axb6 36. c5 bxc5 37. a5 c4 38. Kf1 1-0


[Site "https://www.chess.com"]

[Event "Titled Tuesday Blitz August 22 Early 2023"]
[White "maksimys18"]
[Black "Vakhlamov, Igor L."]
[BlackFideId "24126748"]
[WhiteElo "2567"]
[BlackElo "2798"]
[Result "0-1"]
[Round "4"]
[TimeControl "180+1"]
[Date "2023.08.22"]
[WhiteClock "0:00:20"]
[BlackClock "0:00:12"]
[Board "56"]

1. d4 d5 2. Nf3 Nf6 3. c4 e6 4. Nc3 c5 5. Bg5 cxd4 6. Nxd4 e5 7. Ndb5 a6 8. Qa4 Bd7 9. Rd1 d4 10. Ne4 Bc6 11. e3 axb5 12. Qxa8 Bxe4 13. exd4 exd4 14. Be2 Bb4+ 15. Bd2 Bxd2+ 16. Rxd2 O-O 17. f3 Bg6 18. O-O bxc4 19. Bxc4 Qb6 20. Qa3 Nc6 21. b3 Ne5 22. Rfd1 Nxc4 23. bxc4 d3+ 24. c5 Qe6 25. Qc3 h5 26. h4 Re8 27. a4 Qe3+ 28. Kh1 Qf4 29. c6 bxc6 30. a5 Qxh4+ 31. Kg1 Nd5 32. Qa1 Nf4 33. a6 Ne2+ 34. Kf1 Qh2 35. Kf2 Qg3+ 36. Kf1 Qh2 37. Kf2 Qc7 38. Rh1 Qb6+ 39. Kf1 Ng3# 0-1


[Site "https://www.chess.com"]

[Event "Titled Tuesday Blitz August 22 Early 2023"]
[White "Gorovets, Andrey"]
[Black "Siniauski, Artsiom"]
[WhiteFideId "13504037"]
[BlackFideId "13512269"]
[WhiteElo "2791"]
[BlackElo "2564"]
[Result "1-0"]
[Round "4"]
[TimeControl "180+1"]
[Date "2023.08.22"]
[WhiteClock "0:00:06"]
[BlackClock "0:00:02"]
[Board "57"]

1. d4 Nf6 2. c4 e6 3. Nf3 b6 4. g3 Bb4+ 5. Bd2 Be7 6. Bg2 Bb7 7. O-O c6 8. Qb3 O-O 9. Bf4 d5 10. Rc1 Nbd7 11. Ne5 Nxe5 12. Bxe5 Bd6 13. cxd5 cxd5 14. Bxd6 Qxd6 15. Qa3 Qxa3 16. Nxa3 Ba6 17. Kf1 Rfc8 18. Ke1 Kf8 19. Kd2 Ke7 20. f3 Kd6 21. e4 dxe4 22. fxe4 e5 23. d5 h5 24. h3 Nd7 25. Nc2 f6 26. Ne3 g6 27. b4 Bb5 28. Rxc8 Rxc8 29. a4 Ba6 30. h4 Rc7 31. a5 Bc4 32. Rc1 Bb5 33. Rxc7 Kxc7 34. Bh3 bxa5 35. Bxd7 Kxd7 36. bxa5 Kd6 37. Kc3 Kc5 38. g4 Be2 39. gxh5 Bxh5 40. Nc4 Bg4 41. Ne3 Bf3 42. Kd3 Kb5 43. Nc4 Bg2 44. Nd6+ Kxa5 45. Ne8 f5 46. exf5 gxf5 47. d6 Bc6 48. Nf6 Kb6 49. h5 Bb5+ 50. Kd2 f4 51. h6 f3 52. Ke3 f2 53. Kxf2 Bd3 54. Ke3 Bg6 55. Ng4 a5 56. Nxe5 Bh7 57. Kd2 a4 58. Kc3 Bg8 59. Kb4 Bh7 60. Kxa4 Kb7 61. Kb5 Kc8 62. Kc5 Kd8 63. Kd5 Bg8+ 64. Ke4 Bh7+ 65. Kf4 Ke8 66. Kg5 Kf8 67. Kf6 Be4 68. d7 1-0


[Site "https://www.chess.com"]

[Event "Titled Tuesday Blitz August 22 Early 2023"]
[White "Hnydiuk, Aleksander"]
[Black "Cherniaiev, Tykhon"]
[WhiteFideId "1109057"]
[BlackFideId "14182360"]
[WhiteElo "2561"]
[BlackElo "2791"]
[Result "0-1"]
[Round "4"]
[TimeControl "180+1"]
[Date "2023.08.22"]
[WhiteClock "0:01:39"]
[BlackClock "0:02:07"]
[Board "58"]

1. e4 e5 2. Nf3 Nc6 3. d4 exd4 4. Nxd4 Nf6 5. Nxc6 bxc6 6. Qe2 Qe7 7. Nc3 d6 8. Bg5 h6 9. Bh4 g5 10. Bg3 Bg7 11. O-O-O O-O 12. f3 Rb8 13. Qd2 d5 14. Bd3 Qb4 15. b3 Nxe4 0-1


[Site "https://www.chess.com"]

[Event "Titled Tuesday Blitz August 22 Early 2023"]
[White "Kosakowski, Jakub"]
[Black "Santos Flores, Alberto"]
[WhiteFideId "1185080"]
[BlackFideId "3601234"]
[WhiteElo "2789"]
[BlackElo "2561"]
[Result "1-0"]
[Round "4"]
[TimeControl "180+1"]
[Date "2023.08.22"]
[WhiteClock "0:00:41"]
[BlackClock "0:00:11"]
[Board "59"]

1. d4 d5 2. Nf3 Nf6 3. e3 Bf5 4. c4 c6 5. Nc3 e6 6. Be2 h6 7. Bd3 Bxd3 8. Qxd3 Nbd7 9. O-O Be7 10. Bd2 O-O 11. Rab1 a6 12. Rfc1 b5 13. b3 Rb8 14. cxd5 cxd5 15. a4 b4 16. Ne2 Qb6 17. Rc2 Rfc8 18. Rbc1 Qb7 19. Be1 Ne4 20. Nd2 Nd6 21. f3 Rxc2 22. Rxc2 Rc8 23. e4 dxe4 24. Rxc8+ Qxc8 25. fxe4 a5 26. Bg3 Qc6 27. h3 Bg5 28. Bxd6 Bxd2 29. Bg3 Bg5 30. Kh2 Be7 31. Nf4 Bd6 32. e5 Bc7 33. d5 exd5 34. Nxd5 Bd8 35. Ne3 Be7 36. Nf5 Bf8 37. Qd4 Nc5 38. Qd8 Ne6 39. Ne7+ Kh7 40. Nxc6 1-0


[Site "https://www.chess.com"]

[Event "Titled Tuesday Blitz August 22 Early 2023"]
[White "Adewumi, Tanitoluwa"]
[Black "Chor, Kevin"]
[WhiteFideId "30966396"]
[BlackFideId "2090740"]
[WhiteElo "2789"]
[BlackElo "2560"]
[Result "1-0"]
[Round "4"]
[TimeControl "180+1"]
[Date "2023.08.22"]
[WhiteClock "0:00:19"]
[BlackClock "0:00:00"]
[Board "60"]

1. Nf3 Nf6 2. b3 g6 3. Bb2 Bg7 4. g3 O-O 5. Bg2 d6 6. O-O Nbd7 7. d3 e5 8. Nbd2 Qe7 9. e3 Rd8 10. a3 c6 11. c4 Nf8 12. Re1 Bf5 13. e4 Bg4 14. h3 Bxf3 15. Qxf3 Ne6 16. b4 a5 17. Nb3 a4 18. Nc1 Nd4 19. Bxd4 exd4 20. Ne2 Nd7 21. g4 Rf8 22. Qg3 Rae8 23. f4 f5 24. Rad1 fxe4 25. dxe4 c5 26. g5 Nb6 27. bxc5 dxc5 28. e5 Qf7 29. Rb1 Nxc4 30. Rxb7 Qf5 31. Bd5+ Kh8 32. Bxc4 Rb8 33. Bd3 Qe6 34. Reb1 Rxb7 35. Rxb7 c4 36. Be4 d3 37. Nc3 Qa6 38. Qh4 Qa5 39. Bxg6 1-0


[Site "https://www.chess.com"]

[Event "Titled Tuesday Blitz August 22 Early 2023"]
[White "Ilkhomi, Jaloliddin"]
[Black "Materia, Marco"]
[WhiteFideId "14700948"]
[BlackFideId "45150451"]
[WhiteElo "2558"]
[BlackElo "2787"]
[Result "0-1"]
[Round "4"]
[TimeControl "180+1"]
[Date "2023.08.22"]
[WhiteClock "0:00:40"]
[BlackClock "0:01:32"]
[Board "61"]

1. Nf3 d5 2. d4 Nf6 3. Bf4 c5 4. e3 Nc6 5. c3 Bg4 6. Nbd2 e6 7. Qb3 Qb6 8. Qxb6 axb6 9. Bb5 Bxf3 10. Nxf3 Be7 11. Ne5 Rc8 12. Nxc6 bxc6 13. Ba6 Rd8 14. Bd3 cxd4 15. exd4 Bd6 16. Bxd6 Rxd6 17. a4 c5 18. Kd2 Ke7 19. a5 cxd4 20. cxd4 bxa5 21. Rxa5 Rb8 22. Rb1 Rdb6 23. Kc2 Ng4 24. f3 Ne3+ 25. Kc3 Rb3+ 26. Kd2 Nxg2 27. Ra2 Nf4 28. Be2 R8b4 29. Bd1 Rxd4+ 30. Ke1 Re3+ 31. Kf2 Red3 32. Ke1 Ng2+ 33. Kf2 Rd2+ 34. Kg3 Ne3 35. Ra7+ Kf6 36. Ba4 Nf5+ 37. Kh3 Rh4# 0-1


[Site "https://www.chess.com"]

[Event "Titled Tuesday Blitz August 22 Early 2023"]
[White "Taboas Rodriguez, Daniel"]
[Black "Krzyzanowski, Marcin"]
[WhiteFideId "2208466"]
[BlackFideId "1132199"]
[WhiteElo "2558"]
[BlackElo "2777"]
[Result "0-1"]
[Round "4"]
[TimeControl "180+1"]
[Date "2023.08.22"]
[WhiteClock "0:00:26"]
[BlackClock "0:00:12"]
[Board "62"]

1. d4 Nf6 2. Nf3 e6 3. c4 d5 4. Nc3 Be7 5. Bg5 O-O 6. e3 h6 7. Bh4 Ne4 8. Bxe7 Qxe7 9. Rc1 c6 10. Bd3 Nxc3 11. Rxc3 Nd7 12. O-O dxc4 13. Bxc4 e5 14. Bb3 e4 15. Nd2 Nf6 16. Rc5 Bg4 17. Qc2 Be2 18. Re5 Qd8 19. Re1 Bd3 20. Qc3 Ng4 21. Rh5 Nf6 22. Rh3 Re8 23. f3 Nd5 24. Bxd5 cxd5 25. fxe4 dxe4 26. Nb3 Rc8 27. Qb4 Rc2 28. Nc5 Qf6 29. Nxd3 exd3 30. Rf3 Qg6 31. Rg3 Qe4 32. Rf3 Rec8 33. h3 d2 34. Rd1 Qd3 35. Rff1 Qxe3+ 36. Kh1 b6 37. Qb3 Qxb3 38. axb3 Rd8 39. Rf4 Rc1 40. Rff1 Rxd1 41. Rxd1 Rxd4 42. Kg1 Rd3 43. Kf2 Rxb3 44. Rxd2 g6 45. h4 Kg7 46. g4 a5 47. Ke2 Rb4 48. Kd1 Rxg4 49. Kc2 Rxh4 50. Rg2 Rb4 51. Re2 h5 52. Kc3 h4 53. b3 g5 54. Rh2 Kg6 55. Rh1 f5 56. Rg1 g4 57. Rh1 h3 58. Rd1 Kg5 59. Rd8 h2 60. Rh8 g3 61. Rg8+ Kf4 62. Rh8 Kf3 63. Rh3 f4 0-1


[Site "https://www.chess.com"]

[Event "Titled Tuesday Blitz August 22 Early 2023"]
[White "Kushko, Dmitriy"]
[Black "FoxOnTheRun97"]
[WhiteFideId "14162261"]
[WhiteElo "2768"]
[BlackElo "2555"]
[Result "1-0"]
[Round "4"]
[TimeControl "180+1"]
[Date "2023.08.22"]
[WhiteClock "0:00:52"]
[BlackClock "0:00:21"]
[Board "63"]

1. Nf3 Nf6 2. g3 d5 3. Bg2 Bf5 4. O-O h6 5. c4 c6 6. Qb3 Qb6 7. d3 e6 8. cxd5 Qxb3 9. axb3 exd5 10. Bd2 Nbd7 11. b4 Bd6 12. Nd4 Bg6 13. Bc3 O-O 14. Nd2 Rfe8 15. Rfe1 a6 16. h3 Re7 17. N2b3 Rae8 18. Na5 Nb6 19. f4 Nc8 20. Kf2 Bb8 21. Bf3 Nd6 22. g4 Bh7 23. Nab3 Nd7 24. h4 f5 25. g5 Bg6 26. h5 Bf7 27. gxh6 gxh6 28. Rg1+ Kh7 29. Nxc6 bxc6 30. Rg7+ Kh8 31. Rag1 Ba7+ 32. Nc5 d4 33. Bxd4 1-0


[Site "https://www.chess.com"]

[Event "Titled Tuesday Blitz August 22 Early 2023"]
[White "Starozhilov, Leonid"]
[Black "Martinez Reyes, Pedro Ramon"]
[WhiteFideId "14106752"]
[BlackFideId "3901807"]
[WhiteElo "2766"]
[BlackElo "2552"]
[Result "1/2-1/2"]
[Round "4"]
[TimeControl "180+1"]
[Date "2023.08.22"]
[WhiteClock "0:00:06"]
[BlackClock "0:00:03"]
[Board "64"]

1. e4 c5 2. Nf3 Nc6 3. Bb5 g6 4. O-O Bg7 5. Nc3 Nf6 6. Bxc6 dxc6 7. d3 Qc7 8. h3 e5 9. Be3 b6 10. Qd2 Nh5 11. Bh6 O-O 12. Bxg7 Kxg7 13. Rae1 h6 14. b3 Be6 15. Ne2 Rad8 16. Qc3 f6 17. a4 a5 18. Nh2 g5 19. Ng4 Nf4 20. Ng3 Qd7 21. Ne3 Kh7 22. Ngf5 Rg8 23. Kh2 Bxf5 24. Nxf5 Ne6 25. g3 Nd4 26. Nxd4 cxd4 27. Qc4 Rg7 28. b4 b5 29. Qc5 axb4 30. a5 Ra8 31. Ra1 Ra6 32. Qxb4 Qe7 33. Qb3 Qf7 34. Qb2 Qa7 35. c3 Rd7 36. Kg2 dxc3 37. Qxc3 Qd4 38. Qc1 Qxd3 39. Re1 Qc4 40. Qxc4 bxc4 41. Rec1 Rd4 42. Kf3 Rd3+ 43. Ke2 Rd4 44. Ke3 Kg7 45. Ra4 Kf7 46. Rcxc4 Rxc4 47. Rxc4 Rxa5 48. Rxc6 Kg6 49. Kf3 h5 50. h4 Ra3+ 51. Kg2 g4 52. Rc8 Ra4 53. Rg8+ Kf7 54. Rh8 Kg6 55. Rg8+ Kh7 56. Rf8 Kg7 57. Rd8 Rxe4 58. Rd2 Rb4 59. Rc2 Kg6 60. Rc8 Rb2 61. Kf1 e4 62. Rc6 Kf5 63. Rc5+ Kg6 64. Rc6 Kf7 65. Kg1 Rb7 66. Kf1 Re7 67. Ke2 Re6 68. Rc5 Kg6 69. Ke3 f5 70. Ra5 Rd6 71. Kf4 Rf6 72. Rb5 Rf7 73. Rb6+ Rf6 74. Rb5 Rf7 75. Rb6+ Kg7 76. Kg5 f4 77. gxf4 e3 78. fxe3 g3 79. Rg6+ Kh7 80. Rh6+ Kg7 81. Kxh5 Rf5+ 82. Kg4 Kxh6 83. Kxg3 Ra5 84. Kg4 Kg6 85. e4 Ra4 86. h5+ Kh6 87. e5 Ra1 88. Kf5 Kxh5 89. Kf6 Rf1 90. e6 Rxf4+ 91. Kg7 Re4 92. Kf7 Rf4+ 93. Kg7 Rg4+ 94. Kf7 Rf4+ 95. Kg7 1/2-1/2


[Site "https://www.chess.com"]

[Event "Titled Tuesday Blitz August 22 Early 2023"]
[White "To, Nhat Minh"]
[Black "Orozbaev, Eldiar"]
[WhiteFideId "729019"]
[BlackFideId "13802240"]
[WhiteElo "2551"]
[BlackElo "2751"]
[Result "0-1"]
[Round "4"]
[TimeControl "180+1"]
[Date "2023.08.22"]
[WhiteClock "0:00:00"]
[BlackClock "0:01:28"]
[Board "65"]

1. e4 e6 2. d4 d5 3. Nc3 Nf6 4. e5 Nfd7 5. f4 c5 6. Nf3 Nc6 7. Be3 Qb6 8. Na4 Qa5+ 9. c3 cxd4 10. b4 Nxb4 11. cxb4 Bxb4+ 12. Bd2 Bxd2+ 13. Nxd2 b6 14. Nb2 Nc5 15. Nd3 Ba6 16. Nxc5 bxc5 17. Bxa6 Qxa6 18. Qe2 d3 19. Qe3 c4 20. O-O Qb6 21. Qf2 Qxf2+ 22. Kxf2 O-O-O 23. Rfc1 f6 24. Rab1 Rd7 25. Ke3 fxe5 26. fxe5 Rc7 27. Nf3 Rc6 28. Nd4 Ra6 29. Nb5 Rxa2 30. Nd6+ Kd7 31. Ra1 Rxa1 32. Rxa1 Ra8 33. Ra6 Rb8 34. Rxa7+ Kc6 35. Ra2 Kc5 36. h4 Rb1 37. g4 d4+ 38. Kd2 Rg1 39. Ra5+ Kb4 40. Ra7 Rg2+ 41. Ke1 d2+ 42. Kd1 c3 43. Rb7+ Ka5 44. Kc2 Rg1 45. Nc4+ Ka6 0-1


[Site "https://www.chess.com"]

[Event "Titled Tuesday Blitz August 22 Early 2023"]
[White "Kosteniuk, Alexandra"]
[Black "Keleberda, Tymur"]
[WhiteFideId "4128125"]
[BlackFideId "14174294"]
[WhiteElo "2751"]
[BlackElo "2546"]
[Result "1-0"]
[Round "4"]
[TimeControl "180+1"]
[Date "2023.08.22"]
[WhiteClock "0:01:44"]
[BlackClock "0:00:18"]
[Board "66"]

1. d4 Nf6 2. c4 e6 3. Nc3 Bb4 4. e3 Ne4 5. Qc2 f5 6. Bd3 Nxc3 7. bxc3 Be7 8. e4 g6 9. Nf3 O-O 10. h4 d6 11. h5 Nd7 12. hxg6 hxg6 13. Bh6 Rf7 14. O-O-O b6 15. exf5 gxf5 16. g4 f4 17. Bg6 Nf8 18. Bxf7+ Kxf7 19. Bxf8 Qxf8 20. Rh7+ Ke8 21. Qg6+ Kd7 22. Ne5+ dxe5 23. dxe5+ Kc6 24. Qe4+ Kc5 25. Rd5+ Kc6 26. Rd6+ Kc5 27. Qd4# 1-0


[Site "https://www.chess.com"]

[Event "Titled Tuesday Blitz August 22 Early 2023"]
[White "Weetik, Vjacheslav"]
[Black "Chyzy, Jakub"]
[WhiteFideId "4153472"]
[BlackFideId "21806209"]
[WhiteElo "2747"]
[BlackElo "2542"]
[Result "0-1"]
[Round "4"]
[TimeControl "180+1"]
[Date "2023.08.22"]
[WhiteClock "0:01:10"]
[BlackClock "0:00:11"]
[Board "67"]

1. d4 Nf6 2. Bf4 d5 3. e3 e6 4. Nd2 Bd6 5. Ngf3 O-O 6. Bd3 c5 7. dxc5 Bxc5 8. Qe2 Nc6 9. e4 dxe4 10. Nxe4 Nxe4 11. Qxe4 f5 12. Qc4 Qb6 13. O-O Bd7 14. c3 Na5 15. Ne5 Nxc4 16. Nxd7 Qc6 17. Nxf8 Bxf8 18. b3 Nb6 19. c4 Bd6 20. Be3 Bc5 21. Bf4 Rd8 22. Rad1 h6 23. Be4 Rxd1 24. Bxc6 Rxf1+ 25. Kxf1 bxc6 26. Ke2 Kf7 27. f3 Kf6 28. Bb8 a6 29. Kd3 Nd7 30. Bc7 e5 31. Kc3 Ke6 32. b4 Bb6 33. Bxb6 Nxb6 34. a4 Nxa4+ 0-1


[Site "https://www.chess.com"]

[Event "Titled Tuesday Blitz August 22 Early 2023"]
[White "Hulka, Valentyn"]
[Black "subham777"]
[WhiteFideId "34107061"]
[WhiteElo "2725"]
[BlackElo "2539"]
[Result "1-0"]
[Round "4"]
[TimeControl "180+1"]
[Date "2023.08.22"]
[WhiteClock "0:00:36"]
[BlackClock "0:00:07"]
[Board "68"]

1. b3 d5 2. Bb2 e6 3. Nf3 Nf6 4. g3 Be7 5. Bg2 O-O 6. O-O c5 7. c4 d4 8. e3 Nc6 9. exd4 cxd4 10. Re1 Re8 11. Ne5 Nxe5 12. Rxe5 Bd6 13. Re1 e5 14. d3 Bg4 15. Qc2 Qd7 16. Nd2 Bh3 17. Bh1 Rac8 18. a3 a5 19. Ne4 Nxe4 20. Bxe4 Bf5 21. Bd5 Be6 22. Be4 Bf5 23. Bg2 b5 24. Be4 a4 25. b4 Bxe4 26. Rxe4 f5 27. Re2 Qf7 28. c5 Bb8 29. Rae1 Qd5 30. Qd2 Rc6 31. Qg5 f4 32. Qf5 fxg3 33. fxg3 Rf6 34. Qe4 Qb3 35. Rf1 Rxf1+ 36. Kxf1 Qd1+ 37. Kg2 Rf8 38. Rf2 Rxf2+ 39. Kxf2 Qc2+ 40. Qe2 Qb3 41. Kg2 Qd5+ 42. Qf3 Qxf3+ 43. Kxf3 Kf7 44. Ke4 Ke6 45. Bc1 Bc7 46. Bg5 h6 47. Bd2 Bd8 48. g4 Be7 49. Be1 Bf6 50. h4 g5 51. hxg5 hxg5 52. Bg3 Bg7 53. c6 Kd6 54. Bxe5+ Bxe5 55. c7 Kc6 56. Kxe5 Kxc7 57. Kxd4 Kd6 58. Ke4 Ke6 59. d4 Kd6 60. d5 Kd7 61. Ke5 Ke7 62. d6+ Kd7 63. Kd5 Kd8 64. Kc6 Kc8 65. Kxb5 Kd7 66. Kc5 Kd8 67. Kd5 Kd7 68. b5 Kc8 69. Kc6 Kd8 70. d7 Ke7 71. Kc7 1-0


[Site "https://www.chess.com"]

[Event "Titled Tuesday Blitz August 22 Early 2023"]
[White "Kashefi, Amir Hosein"]
[Black "Koellner, Ruben Gideon"]
[WhiteFideId "12557935"]
[BlackFideId "12993093"]
[WhiteElo "2537"]
[BlackElo "2720"]
[Result "0-1"]
[Round "4"]
[TimeControl "180+1"]
[Date "2023.08.22"]
[WhiteClock "0:00:00"]
[BlackClock "0:00:20"]
[Board "69"]

1. d4 d6 2. Nf3 Nf6 3. g3 Nbd7 4. Bg2 e5 5. O-O Be7 6. c4 O-O 7. Nc3 c6 8. Qc2 a6 9. a4 a5 10. b3 Qc7 11. Bb2 Re8 12. Rad1 Nb8 13. dxe5 dxe5 14. Ne4 Nbd7 15. Nh4 Nxe4 16. Bxe4 Bxh4 17. Bxh7+ Kh8 18. gxh4 g6 19. Bxg6 fxg6 20. Kh1 Nf8 21. f4 Qh7 22. Bxe5+ Kg8 23. Rg1 Kf7 24. e4 Qxh4 25. Rd6 Be6 26. f5 Bxf5 27. exf5 Rxe5 28. fxg6+ Kg7 29. Rd2 Qe4+ 30. Qxe4 Rxe4 31. Rf2 Nxg6 32. Rf5 Rh8 33. Rxa5 Re2 34. Rg2 Rxg2 35. Kxg2 Nf4+ 36. Kg3 Ne6 37. Ra7 Rb8 38. a5 Nc7 39. Kf4 Kf6 40. b4 Ke6 41. h4 Kd6 42. h5 Ne6+ 43. Kf5 Nd4+ 44. Kg6 c5 45. b5 Nf3 46. a6 bxa6 47. Rxa6+ Ke5 48. h6 Kd4 0-1


[Site "https://www.chess.com"]